 Dungeon Crawl Stone Soup version 0.30-a0-125-g51eefa89be (webtiles) character file.

Game seed: 241595877329050276

261034 ragingrage the Crack Shot (level 19, -3/153 HPs)
             Began as a Demonspawn Cinder Acolyte on Sept 18, 2022.
             Was a High Priest of Ignis.
             Slain by a juggernaut skeleton (57 damage)
             ... on level 1 of the Elven Halls.
             The game lasted 00:59:25 (37494 turns).

ragingrage the Crack Shot (DsCA)                   Turns: 37494, Time: 00:59:26

Health: -3/153     AC: 13    Str: 21    XL:     19   Next: 19%
Magic:  21/21      EV: 30    Int: 15    God:    Ignis [*****.]
Gold:   2255       SH:  0    Dex: 22    Spells: 12/21 levels left

rFire   + . .      SeeInvis +    b - +8 storm bow {elec, penet}
rCold   . . .      Faith    .    (shield currently unavailable)
rNeg    . . .      Spirit   .    x - +1 leather armour of Dubiqoj {+Blink rCorr Str+2 Dex+4}
rPois   +          Reflect  .    n - +2 hat {Stlth+}
rElec   .          Harm     .    z - +1 cloak of Starlight {*Dazzle EV+4 Stlth--}
rCorr   +          Rampage  .    (gloves unavailable)
Will    +....                    G - +2 pair of boots {Stlth+}
Stlth   ++++......               N - amulet of regeneration
HPRegen 1.15/turn                l - ring "Faomenge" {rPois EV+4 Dex+5}
MPRegen 0.17/turn                P - ring of see invisible

@: no status effects
A: claws 3, horns 2, spiny 2, demonic magic 3, weakness stinger 2
}: 2/15 runes: decaying, gossamer
a: Renounce Religion, Evoke Blink, Fiery Armour, Foxfire Swarm, Rising Flame


You were on level 1 of the Elven Halls.
You worshipped Ignis.
Ignis was extremely pleased with you.
You visited 6 branches of the dungeon, and saw 31 of its levels.
You also visited: Ice Cave and Wizlab.

You collected 3333 gold pieces.
You spent 1078 gold pieces at shops.

Inventory:

Hand Weapons
 b - the +8 storm bow (weapon) {elec, penet}
   (You took it off an orc on level 3 of the Dungeon)

   Any ammunition fired from it occasionally discharges a powerful burst of
   electricity upon striking a foe.
   Any ammunition fired by it passes through the targets it hits, potentially
   hitting all targets in its path until it reaches maximum range.
Missiles
 o - 19 curare-tipped darts
 S - a throwing net
Armour
 n - a +2 hat of stealth (worn)
 x - the +1 leather armour of Dubiqoj (worn) {+Blink rCorr Str+2 Dex+4}
   (You took it off a goblin on level 2 of the Dungeon)

   Str:       It affects your strength (+2).
   Dex:       It affects your dexterity (+4).
   +Blink:    It lets you blink.
   rCorr:     It protects you from acid and corrosion.
 z - the +1 cloak of Starlight (worn) {*Dazzle EV+4 Stlth--}
   (You found it in a wizard's laboratory)

   It may blind those who miss an attack against the wearer in melee combat.
   EV:        It affects your evasion (+4).
   Stlth:     It makes you much less stealthy.
 G - a +2 pair of boots of stealth (worn)
Jewellery
 f - a ring of positive energy
 l - the ring "Faomenge" (left claw) {rPois EV+4 Dex+5}
   (You acquired it on level 9 of the Dungeon)

   [ring of evasion]

   EV:        It affects your evasion (+4).
   Dex:       It affects your dexterity (+5).
   rPois:     It protects you from poison.
 s - a +6 ring of dexterity
 N - an amulet of regeneration (around neck)
 P - a ring of see invisible (right claw)
 X - a ring of ice
 Z - a +4 ring of protection
Wands
 a - a wand of flame (32)
 j - a wand of mindburst (33)
 p - a wand of acid (15)
 w - a wand of roots (39)
 E - a wand of digging (14)
 T - a wand of paralysis (19)
Scrolls
 h - 5 scrolls of immolation
 k - 8 scrolls of blinking
 m - 11 scrolls of vulnerability
 q - 21 scrolls of teleportation
 t - 9 scrolls of fog
 C - 5 scrolls of magic mapping
 I - 2 scrolls of silence
 J - 5 scrolls of summoning
 K - 5 scrolls of poison
 Q - 5 scrolls of fear
Potions
 c - 2 potions of cancellation
 d - 15 potions of curing
 e - a potion of berserk rage
 g - 7 potions of might
 i - 7 potions of attraction
 r - 3 potions of invisibility
 u - 15 potions of heal wounds
 y - 8 potions of magic
 A - 2 potions of haste
 B - 9 potions of ambrosia
 D - 7 potions of flight
 F - 5 potions of lignification
 R - 3 potions of resistance
 Y - 9 potions of mutation
Miscellaneous
 H - a box of beasts
 L - a tin of tremorstones (2/2)
 O - a phantom mirror
 U - a condenser vane
 V - a phial of floods


   Skills:
 + Level 14.6 Fighting
 - Level 7.7 Polearms
 - Level 22.0 Ranged Weapons
 - Level 10.0 Armour
 + Level 12.8 Dodging
 - Level 7.9 Stealth
 - Level 1.6 Spellcasting
 + Level 1.4 Transmutations
 - Level 2.6 Fire Magic
 - Level 9.0 Evocations


You had 12 spell levels left.
You knew the following spells:

 Your Spells              Type           Power      Damage    Failure   Level
a - Scorch                Fire           18%        2d6       13%         2
b - Blink                 Tloc           2%         N/A       36%         2
c - Wereblood             Tmut           5%         N/A       22%         2
d - Swiftness             Air            1%         N/A       58%         3

Your spell library contained the following spells:

 Spells                   Type           Power      Damage    Failure   Level
 Foxfire                  Conj/Fire      20%        2x1d5     14%         1
 Apportation              Tloc           2%         N/A       26%         1
 Necrotise                Necr           4%         1d4       26%         1
 Shock                    Conj/Air       4%         1d3       26%         1
 Summon Small Mammal      Summ           4%         N/A       26%         1
 Passwall                 Tmut/Erth      2%         N/A       28%         2
 Call Imp                 Summ           1%         N/A       36%         2
 Cigotuvi's Dreadful Rot  Necr/Pois/Air  2%         N/A       36%         2
 Poisonous Vapours        Pois/Air       2%         N/A       36%         2
 Static Discharge         Conj/Air       2%         2-3/arc   36%         2
 Sublimation of Blood     Necr           1%         N/A       36%         2
 Ignite Poison            Fire/Tmut/Pois 5%         N/A       41%         3
 Inner Flame              Hex/Fire       5%         N/A       41%         3
 Kindle Blastsparks       Fire/Tloc/Air  6%         2d10      47%         3
 Call Canine Familiar     Summ           1%         N/A       58%         3
 Gell's Gravitas          Tloc           1%         N/A       58%         3
 Lesser Beckoning         Tloc           1%         N/A       58%         3
 Ozocubu's Armour         Ice            1%         N/A       58%         3
 Portal Projectile        Hex/Tloc       2%         N/A       58%         3
 Summon Guardian Golem    Hex/Summ       1%         N/A       58%         3
 Teleport Other           Tloc           1%         N/A       58%         3
 Tukima's Dance           Hex            1%         N/A       58%         3
 Vampiric Draining        Necr           1%         2d6       58%         3
 Flame Wave               Conj/Fire      5%         2d5       82%         4
 Ice Form                 Ice/Tmut       3%         N/A       88%         4
 Petrify                  Tmut/Erth      3%         N/A       88%         4
 Fulminant Prism          Conj/Hex       0%         3d6       94%         4
 Hailstorm                Conj/Ice       1%         3d3       94%         4
 Iskenderun's Mystic Bla  Conj/Tloc      1%         2d3       94%         4
 Leda's Liquefaction      Hex/Erth       0%         N/A       94%         4
 Manifold Assault         Tloc           1%         N/A       94%         4
 Passage of Golubria      Tloc           1%         N/A       94%         4
 Summon Lightning Spire   Summ/Air       1%         N/A       94%         4
 Blade Hands              Tmut           2%         N/A       98%         5
 Alistair's Intoxication  Tmut/Pois      2%         N/A       99%         5
 Fireball                 Conj/Fire      2%         3d4       99%         5
 Irradiate                Conj/Tmut      1%         3d12      99%         5
 Agony                    Necr           1%         N/A       100%        5
 Arcjolt                  Conj/Air       0%         1d10      100%        5
 Lee's Rapid Deconstruct  Erth           0%         3d5*      100%        5
 Lightning Bolt           Conj/Air       0%         1d11      100%        5
 Silence                  Hex/Air        0%         N/A       100%        5
 Summon Forest            Summ/Tloc      0%         N/A       100%        5
 Summon Mana Viper        Hex/Summ       1%         N/A       100%        5
 Conjure Ball Lightning   Conj/Air       0%         3x3d6     100%        6
 Dispersal                Tloc           0%         N/A       100%        6
 Iron Shot                Conj/Erth      0%         9d1       100%        6
 Simulacrum               Ice/Necr       0%         N/A       100%        6
 Statue Form              Tmut/Erth      2%         N/A       100%        6
 Dragon Form              Tmut           2%         N/A       100%        7
 Enfeeble                 Hex            0%         N/A       100%        7
 Malign Gateway           Summ/Tloc      0%         N/A       100%        7
 Ozocubu's Refrigeration  Ice            0%         4d7       100%        7
 Storm Form               Tmut/Air       1%         N/A       100%        7
 Disjunction              Tloc           0%         N/A       100%        8
 Lehudib's Crystal Spear  Conj/Erth      0%         10d2      100%        8
 Maxwell's Capacitive Co  Air            0%         ∞         100%        8


Dungeon Overview and Level Annotations

Branches:
Dungeon (15/15)            Temple (0/1) D:7            Lair (5/5) D:8
  Swamp (4/4) Lair:2       Spider (4/4) Lair:2        Slime (0/5) Lair:4
    Orc (2/2) D:12            Elf (1/3) Orc:2        Vaults (0/5) D:14
 Depths (0/4) D:15          IceCv (visited)          WizLab (visited)

Altars:
Ashenzari
Cheibriados
Fedhas
Hepliaklqana
Makhleb
Nemelex Xobeh
Qazlal
Sif Muna
Uskayaw
Vehumet
Wu Jian
Xom

Shops:
D:8 =   D:9 ?   Orc:2 ([(:

Portals:
Hell: Lair:5

Annotations:
D:9 2 transporters, MisterAzrael's ghost, novice FoFi
Elf:1 exclusion: door


Innate Abilities, Weirdness & Mutations

You have claws for hands.
You have a pair of horns on your head.
You are mostly covered in sharp spines.
Spells you cast and wands you use may paralyse nearby enemies.
You have a tail ending in a sharp stinger.


Message History

Fire: b) +8 storm bow {elec, penet}
Press: ? - help, Q - select action, (/) - cycle Shift-Dir - straight line, f/p - ghost crab
Aim: a ghost crab (spectral mist, severely damaged, 86% to hit)
You shoot an arrow.
The arrow pierces through the ghost crab!!
You destroy the ghost crab!
You are engulfed in spectral mist.
Fire: b) +8 storm bow {elec, penet}
Press: ? - help, Q - select action, (/) - cycle Shift-Dir - straight line, f - small abomination
Aim: a small abomination (freezing vapour, 79% to hit)
You shoot an arrow.
The arrow pierces through the small abomination.
The small abomination is lightly damaged.
The arrow pierces through the juggernaut skeleton.
Lightning courses through the juggernaut skeleton!
The juggernaut skeleton is lightly damaged.
You are engulfed in spectral mist.
The small abomination is engulfed in freezing vapours.
The small abomination misses you.
Fire: b) +8 storm bow {elec, penet}
Press: ? - help, Q - select action, (/) - cycle Shift-Dir - straight line, f/p - small abomination
Aim: a small abomination (freezing vapour, heavily damaged, 79% to hit)
You shoot an arrow.
The arrow pierces through the small abomination!
Lightning courses through the small abomination!!
You destroy the small abomination!
The arrow pierces through the juggernaut skeleton but does no damage.
Lightning courses through the juggernaut skeleton!
The juggernaut skeleton is moderately damaged.
You are engulfed in spectral mist.
Fire: b) +8 storm bow {elec, penet}
Press: ? - help, Q - select action, (/) - cycle Shift-Dir - straight line, f - juggernaut skeleton
Aim: a juggernaut skeleton (freezing vapour, moderately damaged, 98% to hit)
You shoot an arrow.
The arrow pierces through the juggernaut skeleton!
The juggernaut skeleton is moderately damaged.
You are engulfed in spectral mist.
The juggernaut skeleton is struck by your spines.
The juggernaut skeleton hits you!!!
You die...

#.### ########...#
###'##### #.......#
##.......####.#######
*###...).....'...#
#............###.#
#.###........# #.#
##,*###○☼.○...# #.#
#..##.☼○☼☼....# #.# #
#.....○Z@○○...# #^#### ##
#####t####○...###....###.
#.Z#.#tt#....'...##.....
#.Z#§#.t#...####.######)
#t#§t§#e#..## #.###≈≈≈≈
#.#§§§#Z#### #..+#..)≈
#t.#§#..# #.###.≈..
#..#?#ZZ########.# #.≈≈§
###***###........###...≈


You could see a ghost crab and a juggernaut skeleton.

Vanquished Creatures
  the Lernaean hydra (Swamp:4)
  A bone dragon (Elf:1)
  Arachne (Spider:2)
  Jorgrun (Orc:1)
  3 tentacled starspawn (WizLab)
  Frances (D:14)
  3 frost giants (IceCv)
  A deep elf sorcerer (Elf:1)
  5 emperor scorpions
  A draconian shifter (WizLab)
  5 ghost moths
  A stone giant (Orc:2)
  A broodmother (Spider:1)
  2 eleionomae
  A deep elf annihilator (Elf:1)
  An entropy weaver (Spider:1)
  A white draconian (IceCv)
  3 spark wasps
  A yellow draconian (WizLab)
  2 dire elephants (Lair:5)
  4 bunyips
  The ghost of Jeffwins the Cudgeller, a journeyman HuWn of Kikubaaqudgha (Lair:1)
  Snorg (Lair:3)
  3 fire dragons
  A shambling mangrove (Swamp:3)
  Fannar (Lair:3)
  4 ghost crabs
  23 hydras
  5 ice dragons (IceCv)
  5 vault guards (D:14)
  4 centaur warriors
  A great orb of eyes (WizLab)
  8 ironbound frosthearts (IceCv)
  A caustic shrike simulacrum (Elf:1)
  A catoblepas (Lair:1)
  2 jorogumos (Spider:4)
  12 alligators
  A dancing weapon (Elf:1)
  A death knight (D:15)
  3 radroaches
  3 boulder beetles
  7 two-headed ogres
  2 orc high priests
  3 shock serpents (Elf:1)
  11 spriggans
  A tengu warrior (D:15)
  8 deep elf knights
  The ghost of Jeffwins the Conjurer, a novice HuWn of Gozag (D:8)
  Sonja (Lair:2)
  A fire crab (Elf:1)
  3 goliath frogs
  2 sixfirhies
  4 skeletal warriors (D:15)
  6 pharaoh ants
  7 spriggan druids
  6 steelbarb worms
  A sun moth (Spider:2)
  4 bog bodies
  17 swamp dragons
  A sea snake (Elf:1)
  An obsidian statue (WizLab)
  11 orb spiders
  A spriggan simulacrum (Elf:1)
  A phantasmal warrior (D:15)
  5 orc knights
  An orange crystal statue (IceCv)
  A wizard (Lair:5)
  7 deep elf archers (Elf:1)
  20 ugly things
  A lindwurm (Lair:2)
  Pikel (D:9)
  13 deep elf pyromancers
  21 deep elf zephyrmancers (Elf:1)
  2 will-o-the-wisps
  23 wolf spiders
  5 orc sorcerers
  2 worldbinders (WizLab)
  6 cyclopes
  9 manticores
  A moth of wrath (Spider:3)
  A black mamba (Lair:5)
  A guardian serpent (WizLab)
  An elephant (Lair:5)
  2 molten gargoyles (Elf:1)
  4 gargoyles
  12 cane toads
  A smoke demon (Lair:5)
  2 torpor snails
  3 orange demons (Lair:5)
  A kobold demonologist (D:11)
  2 elf skeletons (WizLab)
  24 rime drakes
  2 unseen horrors (D:11)
  A hellwing (WizLab)
  An efreet (D:11)
  5 demonic crawlers
  A yaktaur (D:14)
  An ice devil (Lair:5)
  11 komodo dragons
  2 freezing wraiths
  3 tengu conjurers
  17 polar bears
  2 bloated husks
  3 meliai (Spider:2)
  2 red devils (Lair:5)
  9 hornets
  Grinder (D:5)
  6 tyrant leeches
  23 tarantellas
  8 trolls
  Prince Ribbit (D:6)
  16 slime creatures
  7 saltlings (Orc:2)
  A raiju (Elf:1)
  21 blink frogs
  A centaur simulacrum (D:11)
  15 wyverns
  Sigmund (D:2)
  28 jumping spiders
  2 shadows (D:11)
  4 starcursed masses (WizLab)
  56 yaks
  A ynoxinul (WizLab)
  21 culicivoras
  2 yaks (shapeshifter)
  4 air elementals (Elf:1)
  2 water elementals (Elf:1)
  2 wraiths
  2 vampires (D:11)
  6 basilisks
  A hog (Elf:1)
  2 fire elementals (Elf:1)
  An unseen horror simulacrum (D:8)
  2 steam dragons
  38 redbacks
  9 vampire mosquitoes
  6 spatial vortices (WizLab)
  4 wargs
  4 acid dragons
  16 swamp worms
  6 hell hounds
  A hydra simulacrum (Lair:1)
  16 water moccasins
  A glowing shapeshifter skeleton (Elf:1)
  A meliai simulacrum (D:11)
  25 orc warriors
  4 ice beasts
  2 black bears (Lair:2)
  2 sky beasts
  7 swamp drakes (Swamp:4)
  A black mamba simulacrum (Lair:1)
  19 wolves
  13 centaurs
  6 ogres
  A phantom (D:6)
  A boggart (WizLab)
  3 kobold brigands
  2 lemures (D:9)
  12 bullfrogs
  2 gnoll sergeants
  3 scorpions (D:6)
  A necrophage (D:6)
  A cane toad simulacrum (Lair:1)
  9 wights
  A blink frog simulacrum (Lair:1)
  22 killer bees
  5 electric eels (Lair:2)
  5 small abominations
  5 howler monkeys
  A lava snake (Elf:1)
  2 hounds
  2 jellies
  16 orc priests
  3 gnoll boudas
  An iron imp (WizLab)
  Terence (D:2)
  22 orc wizards
  A polar bear simulacrum (Lair:1)
  3 hell rats (Lair:5)
  4 lightning spires (Elf:1)
  2 yak simulacra (Lair:1)
  A killer bee simulacrum (D:8)
  25 gnolls
  12 adders
  3 shadow imps
  2 white imps
  An ufetubus (WizLab)
  A worm (D:2)
  6 dart slugs
  99 orcs
  7 bats
  13 endoplasms
  4 giant cockroaches
  6 hobgoblins
  4 quokkas
  2 ball pythons (D:1)
  3 frilled lizards
  8 goblins
  25 kobolds
  5 rats
  A ball lightning (Elf:1)
  A lurking horror (WizLab)
  6 pillars of salt (Orc:2)
  A starspawn tentacle (WizLab)
1238 creatures vanquished.

Vanquished Creatures (collateral kills)
  Mlioglotl (Spider:2)
  A hydra (Lair:3)
  A pharaoh ant (Spider:2)
3 creatures vanquished.

Vanquished Creatures (others)
  An eldritch tentacle (WizLab)
  2 lindwurms (Elf:1)
  A black mamba (Elf:1)
  A hornet (Swamp:1)
  A vampire bat (Elf:1)
  An orc wizard (Orc:2)
  17 foxfires
  30 fungi
  5 pillars of salt (Orc:2)
  92 plants
  3 starspawn tentacles (WizLab)
154 creatures vanquished.

Grand Total: 1395 creatures vanquished

Notes
Turn   | Place    | Note
-------+----------+-------------------------------------------
     0 | D:1      | ragingrage the Demonspawn Cinder Acolyte began the quest
                  | for the Orb.
     0 | D:1      | Reached XP level 1. HP: 18/18 MP: 2/2
   329 | D:1      | Discovered your monstrous ancestry.
   329 | D:1      | Gained mutation: You have a pair of small horns on your
                  | head. [demonic ancestry]
   329 | D:1      | Reached XP level 2. HP: 23/24 MP: 4/4
   895 | D:1      | Gained mutation: Spells you cast may paralyse adjacent
                  | enemies. [demonic ancestry]
   895 | D:1      | Reached XP level 3. HP: 28/29 MP: 5/5
   997 | D:1      | Learned a level 2 spell: Scorch
  1554 | D:2      | Reached skill level 1 in Stealth
  1554 | D:2      | Noticed Sigmund
  2237 | D:2      | Gained mutation: You have sharp fingernails. [demonic
                  | ancestry]
  2237 | D:2      | Reached XP level 4. HP: 35/35 MP: 1/6
  2784 | D:3      | Reached XP level 5. HP: 37/41 MP: 0/7
  2908 | D:3      | Found a snail-covered altar of Cheibriados.
  3626 | D:2      | Found a shimmering altar of Xom.
  3682 | D:2      | Identified the +1 leather armour of Dubiqoj {+Blink rCorr
                  | Str+2 Dex+4}
  3688 | D:2      | Noticed Terence
  3694 | D:2      | Killed Terence
  3748 | D:2      | Found a faded altar of an unknown god.
  3748 | D:2      | Noticed a shining eye
  3754 | D:2      | Noticed an eye of devastation
  3839 | D:2      | Killed Sigmund
  3840 | D:2      | Reached skill level 5 in Polearms
  3840 | D:2      | Reached XP level 6. HP: 41/47 MP: 8/8
  3959 | D:2      | Noticed an eye of devastation
  3959 | D:2      | Noticed a golden eye
  4359 | D:4      | Noticed an air elemental
  4361 | D:4      | Found a stormy altar of Qazlal.
  4363 | D:4      | Noticed a water elemental
  4363 | D:4      | Noticed a fire elemental
  4749 | D:4      | Gained mutation: Spells you cast may paralyse nearby
                  | enemies. [demonic ancestry]
  4749 | D:4      | Reached XP level 7. HP: 37/52 MP: 9/9
  5120 | D:5      | Entered Level 5 of the Dungeon
  5213 | D:5      | Noticed Grinder
  5223 | D:5      | Killed Grinder
  5224 | D:5      | Reached skill level 5 in Stealth
  5458 | D:5      | Gained mutation: You are partially covered in sharp spines.
                  | [demonic ancestry]
  5458 | D:5      | Reached XP level 8. HP: 39/58 MP: 3/10
  6126 | D:6      | Noticed Prince Ribbit
  6137 | D:6      | Killed Prince Ribbit
  6244 | D:6      | Noticed a troll
  6251 | D:6      | Killed a troll
  7023 | D:6      | Reached XP level 9. HP: 65/65 MP: 11/11
  7118 | D:6      | Reached skill level 1 in Ranged Weapons
  7119 | D:6      | Reached skill level 2 in Ranged Weapons
  7271 | D:7      | Found a broken altar of Ashenzari.
  7283 | D:7      | Reached skill level 3 in Ranged Weapons
  7300 | D:7      | Found a hide-covered altar of Uskayaw.
  7422 | D:7      | Reached skill level 4 in Ranged Weapons
  7762 | D:7      | Found a staircase to the Ecumenical Temple.
  8017 | D:8      | Found a large runed translucent door.
  8017 | D:8      | Found a large runed translucent door.
  8018 | D:8      | Noticed Jeffwins's ghost (novice HuWn)
  8038 | D:8      | Noticed a polar bear
  8043 | D:8      | Killed a polar bear
  8044 | D:8      | Reached skill level 5 in Ranged Weapons
  8063 | D:8      | Reached skill level 6 in Ranged Weapons
  8150 | D:8      | Found Vubis's Jewellery Shop.
  8157 | D:8      | Found a sparkling altar of Nemelex Xobeh.
  8250 | D:8      | Found a staircase to the Lair.
  8473 | D:8      | Reached skill level 7 in Ranged Weapons
  8635 | D:8      | Found a shimmering blue altar of Sif Muna.
  8638 | D:8      | Found a blossoming altar of Fedhas.
  8681 | D:8      | Noticed a polar bear
  8683 | D:8      | Noticed a polar bear
  8691 | D:8      | Killed a polar bear
  8697 | D:8      | Killed a polar bear
  8698 | D:8      | Gained mutation: You have a small tail. [demonic ancestry]
  8698 | D:8      | Reached XP level 10. HP: 19/72 MP: 5/12
  8980 | D:8      | Reached skill level 8 in Ranged Weapons
  9572 | D:8      | Found a hazy altar of Hepliaklqana.
  9736 | D:8      | Reached skill level 9 in Ranged Weapons
  9968 | D:9      | Found a transporter.
 10036 | D:9      | Noticed Pikel
 10048 | D:9      | Killed Pikel
 10049 | D:9      | Reached skill level 10 in Ranged Weapons
 10119 | D:9      | Found a transporter.
 10120 | D:9      | Noticed MisterAzrael's ghost (novice FoFi)
 10171 | D:9      | Identified the +1 flail of Usacwu {spect, Int+2}
 10540 | D:9      | Reached skill level 11 in Ranged Weapons
 10821 | D:9      | Found Giutixkai's Magic Scroll Emporium.
 10829 | D:9      | Bought a scroll of summoning for 142 gold pieces
 10829 | D:9      | Bought a scroll of poison for 60 gold pieces
 10832 | D:9      | Identified a scroll of acquirement
 10832 | D:9      | Acquired the ring "Faomenge" {rPois EV+4 Dex+5}
 10955 | Lair:1   | Entered Level 1 of the Lair of Beasts
 10960 | Lair:1   | Gained mutation: Spells you cast and wands you use may
                  | paralyse nearby enemies. [demonic ancestry]
 10960 | Lair:1   | Reached XP level 11. HP: 64/77 MP: 13/13
 11075 | Lair:1   | Noticed Jeffwins's ghost (journeyman HuWn)
 11100 | Lair:1   | Found a runed translucent gate.
 11100 | Lair:1   | Found a runed translucent gate.
 11100 | Lair:1   | Found a runed translucent gate.
 11131 | Lair:1   | Noticed a catoblepas
 11155 | Lair:1   | Killed a catoblepas
 11156 | Lair:1   | Reached skill level 12 in Ranged Weapons
 12328 | Lair:2   | Reached skill level 13 in Ranged Weapons
 12373 | Lair:2   | Noticed a bog body
 12375 | Lair:2   | Killed a bog body
 12491 | Lair:2   | Noticed Sonja
 12494 | Lair:2   | Killed Sonja
 12878 | Lair:2   | Reached skill level 1 in Armour
 12906 | Lair:2   | Reached skill level 14 in Ranged Weapons
 13046 | Lair:2   | Gained mutation: You have very sharp fingernails. [demonic
                  | ancestry]
 13046 | Lair:2   | Reached XP level 12. HP: 79/83 MP: 14/14
 13143 | Lair:2   | Found a hole to the Spider Nest.
 13601 | Lair:2   | Found a staircase to the Swamp.
 13998 | Lair:3   | Noticed Snorg
 14251 | Lair:3   | Killed Snorg
 14438 | Lair:3   | Noticed a five-headed hydra
 14445 | Lair:3   | Killed a five-headed hydra
 14488 | Lair:3   | Reached skill level 15 in Ranged Weapons
 14520 | Lair:3   | Noticed Fannar
 14530 | Lair:3   | Killed Fannar
 15186 | Lair:4   | Found a staircase to the Slime Pits.
 15188 | Lair:4   | Noticed an eight-headed hydra
 15193 | Lair:4   | Killed an eight-headed hydra
 15194 | Lair:4   | Reached skill level 5 in Armour
 15777 | Lair:5   | Entered Level 5 of the Lair of Beasts
 15849 | Lair:5   | Reached skill level 16 in Ranged Weapons
 15956 | Lair:5   | Gained mutation: You have a pair of horns on your head.
                  | [demonic ancestry]
 15956 | Lair:5   | Reached XP level 13. HP: 88/88 MP: 15/15
 16166 | Lair:5   | Noticed a dire elephant
 16168 | Lair:5   | Noticed a dire elephant
 16176 | Lair:5   | Killed a dire elephant
 16183 | Lair:5   | Killed a dire elephant
 16197 | Lair:5   | Reached skill level 17 in Ranged Weapons
 16542 | Lair:5   | Got the Vellum of Charms and the Map
 16898 | Lair:5   | Reached skill level 18 in Ranged Weapons
 17182 | Lair:5   | Found a burning altar of Makhleb.
 17211 | Lair:5   | Found a gateway to Hell.
 17379 | Lair:1   | Killed Jeffwins's ghost
 17421 | Lair:1   | Reached XP level 14. HP: 79/94 MP: 16/16
 17714 | D:8      | Killed Jeffwins's ghost
 17892 | D:10     | Entered Level 10 of the Dungeon
 17974 | D:10     | Reached skill level 19 in Ranged Weapons
 19097 | D:11     | Identified the +4 lajatang of Tenacity {elec, Contam Will++
                  | Dex+4}
 19399 | D:12     | Reached skill level 20 in Ranged Weapons
 19795 | D:12     | Found a staircase to the Orcish Mines.
 20509 | D:13     | Identified the +2 buckler of Afeq {Harm Stlth+}
 21125 | D:14     | Reached skill level 21 in Ranged Weapons
 21180 | D:14     | Noticed Frances
 21195 | D:14     | Killed Frances
 21288 | D:14     | Reached XP level 15. HP: 97/100 MP: 17/17
 21327 | D:14     | You fall into a shaft and drop 1 floor!
 21327 | D:15     | Entered Level 15 of the Dungeon
 22061 | D:15     | Found a staircase to the Depths.
 22275 | D:15     | Found an ornate altar of the Wu Jian Council.
 22640 | D:14     | Reached skill level 22 in Ranged Weapons
 22853 | D:14     | Reached skill level 1 in Evocations
 23023 | D:14     | Reached skill level 1 in Dodging
 23209 | D:14     | Found a gate to the Vaults.
 23447 | Orc:1    | Entered Level 1 of the Orcish Mines
 23485 | Orc:1    | Noticed Jorgrun
 23493 | Orc:1    | Killed Jorgrun
 23567 | Orc:1    | Reached skill level 5 in Fighting
 23802 | Orc:1    | Found a radiant altar of Vehumet.
 23926 | Orc:2    | Entered Level 2 of the Orcish Mines
 24284 | Orc:2    | Found a burning altar of Makhleb.
 24427 | Orc:2    | Found Fosume's Book Shoppe.
 24482 | Orc:2    | Found a staircase to the Elven Halls.
 24701 | Orc:2    | Found Pisuinuo's Weapon Shop.
 24726 | Orc:2    | Found Reri Cab's Antique Weapon Shoppe.
 24728 | Orc:2    | Found Dysuth's Antique Armour Shoppe.
 24733 | Orc:2    | Bought an encrusted scale mail for 234 gold pieces
 24733 | Orc:2    | Identified the +1 scale mail of Wisdom {rC- rN+ Int+2
                  | Slay+2} (You bought it in a shop on level 2 of the Orcish
                  | Mines)
 24758 | Orc:2    | Bought a slimy scimitar for 252 gold pieces
 24758 | Orc:2    | Identified the +3 scimitar "Qujem" {vorpal, Int+4} (You
                  | bought it in a shop on level 2 of the Orcish Mines)
 25125 | Swamp:1  | Entered Level 1 of the Swamp
 25212 | Swamp:1  | Gained mutation: You are mostly covered in sharp spines.
                  | [demonic ancestry]
 25212 | Swamp:1  | Reached XP level 16. HP: 93/112 MP: 18/18
 25402 | Swamp:1  | Reached skill level 5 in Evocations
 25780 | Swamp:2  | Reached skill level 5 in Dodging
 26181 | Swamp:2  | Acquired a +2 bardiche of protection
 27430 | Swamp:3  | Identified the +3 flail of Circularity {venom, rElec Str+2}
 27596 | Swamp:4  | Entered Level 4 of the Swamp
 28012 | Swamp:4  | Noticed the 27-headed Lernaean hydra
 28024 | Swamp:4  | Killed the 27-headed Lernaean hydra
 28173 | Swamp:4  | Got a decaying rune of Zot
 28207 | Swamp:4  | Reached XP level 17. HP: 124/124 MP: 19/19
 28694 | D:8      | Bought an amulet of regeneration for 390 gold pieces
 28804 | Spider:1 | Entered Level 1 of the Spider Nest
 29750 | Spider:2 | Noticed Mlioglotl
 29754 | Spider:2 | Noticed a profane servitor
 29756 | Spider:2 | Killed Mlioglotl
 29935 | Spider:2 | Noticed Arachne
 29948 | Spider:2 | Killed Arachne
 29970 | Spider:2 | Found a frozen archway.
 29981 | IceCv    | Entered an ice cave
 30013 | IceCv    | Reached skill level 10 in Fighting
 30588 | IceCv    | Reached skill level 10 in Armour
 32548 | Spider:3 | Gained mutation: You have claws for hands. [demonic
                  | ancestry]
 32548 | Spider:3 | Reached XP level 18. HP: 138/138 MP: 20/20
 32810 | Spider:3 | Found a hide-covered altar of Uskayaw.
 32947 | Spider:4 | Entered Level 4 of the Spider Nest
 32957 | Spider:4 | Reached skill level 10 in Dodging
 34064 | Spider:4 | Got a gossamer rune of Zot
 34418 | Elf:1    | Entered Level 1 of the Elven Halls
 34638 | Elf:1    | Paralysed by an air elemental for 1 turns
 34685 | Elf:1    | Paralysed by an air elemental for 1 turns
 34795 | Elf:1    | Found a magical portal.
 34808 | WizLab   | Entered The Roulette of Golubria
 34808 | WizLab   | Found a transporter.
 34813 | WizLab   | Found a corrupted altar of Lugonu.
 34837 | WizLab   | Found a transporter.
 34837 | WizLab   | Found a transporter.
 34872 | WizLab   | Found the +1 cloak of Starlight {*Dazzle EV+4 Stlth--}
 34923 | WizLab   | Found a transporter.
 34931 | WizLab   | Found a transporter.
 35030 | WizLab   | Found a transporter.
 35051 | WizLab   | Found a transporter.
 35063 | WizLab   | Found a transporter.
 35154 | WizLab   | Found a transporter.
 35184 | WizLab   | Found a corrupted altar of Lugonu.
 35187 | WizLab   | Found a transporter.
 35259 | WizLab   | Found a transporter.
 35259 | WizLab   | Found a transporter.
 35265 | WizLab   | Paralysed by a great orb of eyes for 2 turns
 35399 | WizLab   | Found a transporter.
 35399 | WizLab   | Found a transporter.
 35447 | WizLab   | Found a transporter.
 35494 | WizLab   | Found a transporter.
 35494 | WizLab   | Found a transporter.
 35527 | WizLab   | Got Golubria's Guide on the Jaunt
 35593 | WizLab   | Found a transporter.
 35635 | WizLab   | Found a transporter.
 35635 | WizLab   | Found a transporter.
 35704 | WizLab   | Identified the +1 cloak of the Boiling Point {rPois Dex+3}
 35924 | Elf:1    | Got the Encyclopedia of Shapes
 36260 | Elf:1    | Gained mutation: You have a tail ending in a sharp stinger.
                  | [demonic ancestry]
 36260 | Elf:1    | Reached XP level 19. HP: 152/152 MP: 21/21
 36359 | Elf:1    | Got Sif Muna's Essays on Helpful Conjury
 36528 | Elf:1    | Got the Vellum of Heat
 36854 | Elf:1    | Got the Atlas of the Zephyr
 36883 | Elf:1    | Learned a level 2 spell: Blink
 36886 | Elf:1    | Learned a level 2 spell: Wereblood
 36890 | Elf:1    | Learned a level 3 spell: Swiftness
 37142 | Elf:1    | Noticed a bone dragon
 37175 | Elf:1    | Killed a bone dragon
 37236 | Elf:1    | Reached skill level 1 in Transmutations
 37494 | Elf:1    | Slain by a juggernaut skeleton

Illustrated notes

Levels and vault maps discovered:
D:1:      ebering_trefoil_twist, layout_basic
D:2:      layout_rooms, hellmonk_ecumenical_altar_watching_god, basic_altar,
          uniq_terence, uniq_sigmund
D:3:      minmay_octagon_keep, layout_loops_ring, kennysheep_slug_shrine
D:4:      layout_basic, nicolae_qazlal_style_of_elements, serial_curves,
          eino_curves_03, eino_curves_04, eino_curves_02, eino_curves_01,
          kennysheep_generic_room_3
D:5:      layout_loops_ring, uniq_grinder
D:6:      layout_basic, uniq_prince_ribbit1
D:7:      layout_basic, eat_drink_and_be_merry_uskayaw, old_standard_altar,
          temple_hall
D:8:      layout_loops_ring, worldfamousw_hep_ancestral_shrine,
          nicolae_overflow_hidden_temple, dpeg_oklobed_lair, serial_ice,
          serial_ice_n, serial_ice_f, serial_ice_a, serial_ice_m, serial_shops,
          shop_coins, ebering_ghost_disaster_area
D:9:      layout_loops_ring, gammafunk_ghost_stat_death, serial_shops,
          nicolae_lakefront_shop, uniq_pikel
D:10:     layout_gridville, eino_jars
D:11:     minmay_the_grid_octo_2x2 [minmay_the_grid_octo_horde,
          minmay_the_grid_octo_empty, minmay_the_grid_octo_odd_swirl,
          minmay_the_grid_octo_prize_ultimate_mussel_roller], layout_rooms
D:12:     layout_rooms, david_orc_2, serial_rivers,
          chequers_serial_rivers_small_a, chequers_serial_rivers_room_a,
          chequers_serial_rivers_room_a, chequers_serial_rivers_large_b
D:13:     layout_irregular_city
D:14:     layout_stronghold, grunt_vaults_entry_fortified,
          serial_co_window_serial, co_window_paths_a, co_window_paths_b,
          co_window_paths_a, co_window_paths_a, co_window_of_opportunity_a,
          co_window_corner_cb, co_window_2corner, co_window_broadway_c,
          glass_columns_a, glass_columns_b, argonaut_gorgonesque, uniq_frances
D:15:     grunt_enter_depths_hoard, layout_loops_ring,
          pdpol_wu_jian_five_deadly_venoms
Lair:1:   layout_roguey, gammafunk_ghost_icy, grunt_megastairs_1
Lair:2:   layout_regular_city, nicolae_swamp_entry_splash_gauntlet,
          spider_nest_entry_rubble, serial_bayou, serial_bayou_lagoon_a,
          serial_bayou_crossing, serial_bayou_lake_a, serial_bayou_pond_d,
          serial_bayou_pond_d, columned_hall_lemuel, beast_lair_carwin_6,
          uniq_sonja
Lair:3:   layout_roguey, grunt_megastairs_5, uniq_fannar, uniq_snorg
Lair:4:   layout_roguey, dpeg_slime_entry_enclosed, serial_bayou_shore_b
Lair:5:   evil_forest, layout_gridlike, special_room
          [special_room_mythical_zoo], guppyfry_lair_drakes,
          infiniplex_staircase_pool
Swamp:1:  layout_basic_swamp, nicolae_swamp_orc_logging_accident, swamp_pool1,
          infiniplex_staircase_pool_2
Swamp:2:  layout_basic_swamp, nicolae_swamp_round_clearing
Swamp:3:  layout_falls_marsh, evilmike_swamp_ruin_rubble_2, swamp_pool2,
          st_swamp_mini
Swamp:4:  swamp, layout_basic_swamp, nicolae_swamp_trees_clearing
Spider:1: layout_spider_delve, nicolae_spider_nooks_and_crannies
Spider:2: layout_chambers, portal_ice_cave_entry_pillars_1, uniq_mlioglotl,
          uniq_arachne
Spider:3: layout_spider_delve, nicolae_spider_altar_of_dancing
Spider:4: grunt_spider_rune_parallel
Orc:1:    layout_caves, basic_altar, minmay_orc_temple_b, uniq_jorgrun
Orc:2:    hellmonk_orc_salted, layout_caves, basic_altar
Elf:1:    minmay_elf_arrival_circle, layout_gridlike, mu_enter_wizlab_5,
          serial_hangedman_research, hangedman_research_thanatology,
          hangedman_research_electronics, hangedman_research_pyrotechnics,
          hangedman_research_toxicology, hangedman_research_metamorphosis,
          hangedman_research_quantum, minmay_elf_sorcery,
          nicolae_elf_big_sculpture_2, st_stairs_10

Skill      XL: |  1  2  3  4  5  6  7  8  9 10 11 12 13 14 15 16 17 18 19 |
---------------+----------------------------------------------------------+-----
Polearms       | 3 4 5 6 7 |  7.7
Stealth        | 1 2 3 4 6 7 |  7.9
Fighting       | 4 6 8 11 14 | 14.6
Ranged Weapons | 7 11 14 16 18 21 22 | 22.0
Armour         | 2 5 6 8 10 | 10.0
Evocations     | 4 7 9 |  9.0
Dodging        | 4 6 9 12 | 12.8
Transmutations | 1 |  1.4
Spellcasting   | |  1.6
Fire Magic     | |  2.6

Action                   |  1- 3 |  4- 6 |  7- 9 | 10-12 | 13-15 | 16-18 | 19-21 || total
-------------------------+-------+-------+-------+-------+-------+-------+-------++-------
Melee: Spear             |   104 |    34 |       |       |       |       |       ||   138
       Headbutt          |    10 |     5 |       |       |       |       |       ||    15
       Punch             |     1 |       |       |       |       |       |       ||     1
 Fire: Longbow           |       |    54 |   186 |   467 |  1207 |  1659 |   133 ||  3706
Throw: Dart              |       |       |       |     1 |     2 |       |       ||     3
 Cast: Scorch            |     9 |    23 |    17 |    25 |     2 |       |       ||    76
       Wereblood         |       |       |       |       |       |       |     1 ||     1
Invok: Foxfire Swarm     |       |       |       |     1 |       |       |       ||     1
Evoke: Wand              |       |       |       |     1 |       |     3 |       ||     4
       Phantom mirror    |       |       |       |     1 |     2 |     2 |       ||     5
       Box of beasts     |       |       |       |     1 |     2 |     1 |       ||     4
       Condenser vane    |       |       |       |       |     1 |     4 |       ||     5
  Use: Scroll            |       |       |    11 |     7 |    13 |     2 |       ||    33
       Potion            |       |       |       |     1 |       |     3 |       ||     4
 Stab: Paralysed         |     1 |     3 |       |       |       |       |       ||     4
       Sleeping          |     1 |       |       |       |       |       |       ||     1
Armor: Robe              |    14 |    10 |       |       |       |       |       ||    24
       Leather armour    |       |     5 |    24 |    29 |       |    78 |     5 ||   141
       Troll leather arm |       |       |       |     9 |    74 |    51 |       ||   134
Dodge: Dodged            |    42 |    30 |    50 |   119 |   225 |   337 |    46 ||   849

Table legend: (Time is in decaauts)
 A = Elapsed time spent in this place.
 B = Non-inter-level travel time spent in this place.
 C = Inter-level travel time spent in this place.
 D = Time resting spent in this place.
 E = Time spent auto-exploring this place.
 F = Levels seen in this place.
 G = Mean time per level.
                   A        B        C        D        E       F      G
               +--------+--------+--------+--------+--------+-----+--------+
         Total |  36923 |  33972 |   2951 |   6856 |  20291 |  33 | 1118.9 |
       Dungeon |  17507 |  15948 |   1559 |   3510 |  10091 |  15 | 1167.1 |
          Lair |   7071 |   6278 |    793 |   1338 |   3757 |   5 | 1414.2 |
         Swamp |   2963 |   2630 |    333 |    411 |   1645 |   4 |  740.8 |
   Spider Nest |   3586 |   3460 |    126 |    379 |   2199 |   4 |  896.5 |
  Orcish Mines |   1436 |   1312 |    124 |      0 |    976 |   2 |  718.0 |
   Elven Halls |   1999 |   1985 |     14 |    541 |    834 |   1 | 1999.0 |
      Ice Cave |   1465 |   1465 |      0 |    531 |    494 |   1 | 1465.0 |
        Wizlab |    892 |    892 |      0 |    144 |    295 |   1 |  892.0 |
               +--------+--------+--------+--------+--------+-----+--------+

Top non-repeatable levels by time:
     D:8: 2444 daAuts
  Lair:2: 2278 daAuts
   Elf:1: 1999 daAuts
     D:1: 1951 daAuts
   IceCv: 1465 daAuts
  Lair:5: 1437 daAuts
  Lair:3: 1368 daAuts
     D:3: 1307 daAuts
    D:14: 1246 daAuts
     D:6: 1202 daAuts
     D:9: 1200 daAuts
  Lair:1: 1159 daAuts
    D:15: 1158 daAuts
Spider:4: 1101 daAuts
     D:4: 1099 daAuts
